 Dungeon Crawl Stone Soup version 0.28.0-53-g5a82cb258f (webtiles) character file.

Game seed: 13084478022451011501

12 jiml777 the Gusty (level 2, 0/20 HPs)
             Began as a Gnoll Air Elementalist on July 25, 2022.
             Succumbed to an adder's poison
             ... on level 2 of the Dungeon.
             The game lasted 00:02:53 (1121 turns).

jiml777 the Gusty (Gnoll Air Elementalist)          Turns: 1121, Time: 00:02:53

Health: 0/20       AC:  2    Str:  7    XL:     2   Next: 33%
Magic:  7/7        EV: 10    Int: 14    God:
Gold:   51         SH:  0    Dex: 12    Spells: 9/10 levels left

rFire   . . .      SeeInvis .   c - +0 dagger
rCold   . . .      Faith    .   (no shield)
rNeg    . . .      Spirit   .   a - +0 robe
rPois   .          Reflect  .   (no helmet)
rElec   .          Harm     .   (no cloak)
rCorr   .          Rampage  .   (no gloves)
Will    .....                   (no boots)
Stlth   ++........              (no amulet)
HPRegen 0.06/turn               (no ring)
MPRegen 0.10/turn               (no ring)

@: lethally poisoned (0 -> -3), constricted
A: fangs 1, strong nose, distributed training
a: no special abilities


You were on level 2 of the Dungeon.
You visited 1 branch of the dungeon, and saw 2 of its levels.

You collected 51 gold pieces.

Inventory:

Hand Weapons
 c - a +0 dagger (weapon)
Missiles
 b - 30 stones
 e - 5 curare-tipped darts
 f - 25 arrows
 g - 10 poisoned darts
Armour
 a - a +0 robe (worn)
Scrolls
 h - a scroll of fear {unknown}
Potions
 d - a potion of heal wounds {unknown}


   Skills:
 + Level 0.3 Fighting
 + Level 0.3 Short Blades
 + Level 0.3 Long Blades
 + Level 0.3 Axes
 + Level 0.3 Maces & Flails
 + Level 0.3 Polearms
 + Level 0.3 Staves
 + Level 0.3 Slings
 + Level 0.3 Bows
 + Level 0.3 Crossbows
 + Level 0.3 Throwing
 + Level 0.3 Armour
 + Level 4.4 Dodging
 + Level 4.0 Stealth
 + Level 0.3 Shields
 + Level 0.3 Unarmed Combat
 + Level 4.9 Spellcasting
 + Level 2.0 Conjurations
 + Level 0.2 Hexes
 + Level 0.2 Summonings
 + Level 0.2 Necromancy
 + Level 0.2 Translocations
 + Level 0.2 Transmutations
 + Level 0.2 Fire Magic
 + Level 0.2 Ice Magic
 + Level 5.3 Air Magic
 + Level 0.2 Earth Magic
 + Level 0.2 Poison Magic
 + Level 0.4 Invocations
 + Level 0.3 Evocations


You had 9 spell levels left.
You knew the following spells:

 Your Spells              Type           Power      Damage    Failure   Level
a - Shock                 Conj/Air       52%        1d6       3%          1

Your spell library contained the following spells:

 Spells                   Type           Power      Damage    Failure   Level
 Static Discharge         Conj/Air       13%        N/A       6%          2
 Swiftness                Air            18%        N/A       6%          3
 Airstrike                Air            9%         N/A       19%         4


Dungeon Overview and Level Annotations

Branches:
Dungeon (2/15)

Altars:


Innate Abilities, Weirdness & Mutations

You have very sharp teeth.
Your uncanny sense of smell can sniff out nearby items.
Your experience applies equally to all skills.


Message History

You open the door.
There is an open door here.
Done exploring.
(D) Dungeon
Where to? (? - help)
You open the door.
There is an open door here.
There is a stone staircase leading down here.
You climb downwards.
The ball python hisses angrily.
The adder hisses angrily.
There is a stone staircase leading up here.
There are monsters nearby!
The adder barely misses you. The ball python barely misses you.
The ball python grabs you.
You stop ascending the stairs.
The ball python constricts you.
You hit the ball python.
The ball python is moderately wounded.
The adder barely misses you. The ball python closely misses you.
The ball python constricts you. The rat bites you.
The adder closely misses you.
You hit the ball python. Your bite misses the ball python.
The ball python is heavily wounded.
The ball python bites you. The ball python constricts you. The adder bites you.
You are poisoned.
The adder poisons you! The rat barely misses you.
You closely miss the ball python.
The ball python is heavily wounded.
You feel sick. The ball python barely misses you.
The ball python constricts you. The adder bites you.
The ball python closely misses you. The ball python constricts you.
The rat misses you.
You closely miss the ball python. Your bite misses the ball python.
The ball python is heavily wounded.
You feel sick. The adder bites you.
* * * LOW HITPOINT WARNING * * *
The ball python barely misses you. The ball python constricts you.
The rat bites you but does no damage.
You closely miss the ball python.
The ball python is heavily wounded.
You die...

∆ #######
#.r...#
#.S@S.#
..........#
..###.....#
#.......
#####...#
...# ....
.....


You could see an adder, a ball python and a rat.

Vanquished Creatures
  2 ball pythons (D:1)
  2 endoplasms (D:1)
  A giant cockroach (D:1)
  A goblin (D:1)
  A jackal (D:1)
  A kobold (D:1)
  A frilled lizard (D:1)
  2 rats (D:1)
11 creatures vanquished.

Vanquished Creatures (others)
  A plant (D:1)
1 creature vanquished.

Grand Total: 12 creatures vanquished

Notes
Turn   | Place    | Note
-------+----------+-------------------------------------------
     0 | D:1      | jiml777 the Gnoll Air Elementalist began the quest for the
                  | Orb.
     0 | D:1      | Reached XP level 1. HP: 13/13 MP: 6/6
   392 | D:1      | Reached XP level 2. HP: 18/19 MP: 7/7
  1120 | D:2      | HP: 1/20 [adder (5)]
  1121 | D:2      | Succumbed to an adder's poison

Illustrated notes

Levels and vault maps discovered:
D:1:      dpeg_arrival_orchard, layout_loops_corners, minmay_quantized
D:2:      layout_loops_cross, serial_shops, shop_fountains,
          dreamdust_ecumenical_altar_hidden_monk_grotto

Skill      XL: |  1 |
---------------+----+-----
Conjurations   | 2 |  2.0
Fighting       | |  0.3
Short Blades   | |  0.3
Long Blades    | |  0.3
Axes           | |  0.3
Maces & Flails | |  0.3
Polearms       | |  0.3
Staves         | |  0.3
Slings         | |  0.3
Bows           | |  0.3
Crossbows      | |  0.3
Throwing       | |  0.3
Armour         | |  0.3
Dodging        | |  4.4
Stealth        | |  4.0
Shields        | |  0.3
Unarmed Combat | |  0.3
Spellcasting   | |  4.9
Hexes          | |  0.2
Summonings     | |  0.2
Necromancy     | |  0.2
Translocations | |  0.2
Transmutations | |  0.2
Fire Magic     | |  0.2
Ice Magic      | |  0.2
Air Magic      | |  5.3
Earth Magic    | |  0.2
Poison Magic   | |  0.2
Invocations    | |  0.4
Evocations     | |  0.3

Action                   || total
-------------------------++-------
Melee: Dagger            ||    28
       Unarmed           ||     2
       Bite              ||     3
 Cast: Shock             ||     4
 Stab: Sleeping          ||     5
Armor: Robe              ||     3
Dodge: Dodged            ||    23
